 Dungeon Crawl Stone Soup version 0.19.5 (webtiles) character file.

24 miragecloak the Changer (level 2, 0/12 HPs)
             Began as a Felid Transmuter on May 5, 2017.
             Slain by a crimson imp (3 damage)
             ... summoned by Natasha
             ... on level 3 of the Dungeon.
             The game lasted 00:02:39 (2133 turns).

miragecloak the Changer (Felid Transmuter)          Turns: 2133, Time: 00:02:40

Health: 0/12       AC:  1    Str:  6    XL:     2   Next: 79%
Magic:  6/6        EV: 18    Int: 14    God:
Gold:   86         SH:  0    Dex: 16    Spells: 1 memorised, 4 levels left
                                        Lives:  0   Deaths: 0

rFire  . . .     SeeInvis +       - Unarmed
rCold  . . .     Gourm    .     (armour unavailable)
rNeg   . . .     Faith    .     (shield unavailable)
rPois  .         Spirit   .     (helmet unavailable)
rElec  .         Reflect  .     (cloak unavailable)
rCorr  .         Harm     .     (gloves unavailable)
MR     .....                    (boots unavailable)
Stlth  ++........               (no amulet)
                                (no ring)
                                (no ring)

@: quick
A: no armour, no weapons or thrown items, stealth, claws 1, fangs 3, see
invisible, carnivore 3, speed 1, shaggy fur 1, slow metabolism 1, sharp paws
a: no special abilities


You were on level 3 of the Dungeon.
You were very full.

You visited 1 branch of the dungeon, and saw 3 of its levels.

You collected 86 gold pieces.

Inventory:

Missiles
 a - 66 arrows
Jewellery
 j - an uncursed ring of stealth {unknown}
Scrolls
 f - 5 scrolls of identify {unknown}
 g - a scroll of teleportation {unknown}
Potions
 e - a potion of degeneration {unknown}
 h - a potion of magic {unknown}
 i - a potion of haste {unknown}
Books
 b - a book of Changes

   Spells                             Type                      Level
   a - Beastly Appendage              Transmutation                1
   b - Sticks to Snakes               Transmutation                2
   c - Spider Form                    Transmutation/Poison         3
   d - Ice Form                       Ice/Transmutation            4
   e - Blade Hands                    Transmutation                5
Comestibles
 c - 2 meat rations
 d - a beef jerky


   Skills:
 - Level 1.0 Fighting
 - Level 2.6 Dodging
 - Level 3.0 Unarmed Combat
 - Level 2.0 Spellcasting
 + Level 3.7 Transmutations


You had 4 spell levels left.
You knew the following spells:

 Your Spells              Type           Power        Failure   Level  Hunger
a - Beastly Appendage     Tmut           ##....       6%          1    ##.....


Dungeon Overview and Level Annotations

Branches:
Dungeon (3/15)

Altars:

Annotations:
D:3 Natasha


Innate Abilities, Weirdness & Mutations

You cannot wear armour.
You are incapable of wielding weapons or throwing items.
Your paws allow you to move quietly. (Stealth)
You have sharp claws.
You have razor-sharp teeth.
You have supernaturally acute eyesight. (SInv)
You are carnivorous and can eat meat at any time.
You cover ground quickly.
You are covered in fur. (AC +1)
You have a slow metabolism.
Your sharp claws are effective at attacking unaware monsters.


Message History

A goblin is nearby!
Natasha, Servant of Life and Death comes into view.
Natasha hisses angrily.
Natasha casts a spell.
The goblin hits you with a dagger.
You claw the goblin!
You kill the goblin!
The crimson imp blinks!
Natasha stares at you and mumbles some strange words.
You resist with some effort.
The crimson imp summons a swarm of flies.
The crimson imp hits you.
Things that are here:
a dagger; a goblin corpse Natasha claws you.
* * * LOW HITPOINT WARNING * * *
You scratch Natasha.
Natasha is moderately wounded.
Natasha closely misses you. The crimson imp hits you.
You die...

#..... #....#
#......#....#
#......#....#
..........#
....#....#
######.#_#...##
#.......#.....#
#.....).......#
#......##..5@h#
#......##.......#
#......+..........#
#......##########.#
######.# .. #.# .
#.###### #......#
######.##


You could see Natasha and a crimson imp.

Vanquished Creatures
  A giant cockroach (D:1)
  3 goblins
  3 hobgoblins
  3 bats
  A frilled lizard (D:1)
  A kobold (D:1)
  15 rats
27 creatures vanquished.

Notes
Turn   | Place    | Note
-------+----------+-------------------------------------------
     0 | D:1      | miragecloak the Felid Transmuter began the quest for the Orb.
     0 | D:1      | Reached XP level 1. HP: 9/9 MP: 4/4
   324 | D:1      | Reached XP level 2. HP: 5/12 MP: 6/6
  2122 | D:3      | Found a faded altar of an unknown god.
  2127 | D:3      | Noticed Natasha
  2128 | D:3      | Noticed a crimson imp
  2133 | D:3      | Slain by a crimson imp

Skill      XL: |  1 |
---------------+----+-----
Transmutations | 3 |  3.7
Fighting       | |  1.0
Dodging        | |  2.6
Unarmed Combat | |  3.0
Spellcasting   | |  2.0

Action                   || total
-------------------------++-------
Melee: Unarmed           ||    86
       Bite              ||     4
 Stab: Sleeping          ||     1
  Eat: Chunk             ||     9
Armor: Skin              ||     6
Dodge: Dodged            ||    94
